 Dungeon Sprint DCSS version 0.29.1-12-g30fa7ad0bf (webtiles) character file.

Game seed: 4790289720726960213

1 sanboga the Cudgeller (level 1, -4/20 HPs)
             Began as a Minotaur Monk on Dec 16, 2022.
             Was a Believer of Jiyva.
             Slain by a scorpion (5 damage)
             ... in the Dungeon (Sprint VII: "The Pits").
             The game lasted 00:00:42 (83 turns).

sanboga the Cudgeller (Minotaur Monk)                 Turns: 83, Time: 00:00:43

Health: -4/20      AC:  2    Str: 15    XL:     1   Next: 16%
Magic:  0/0        EV: 12    Int:  7    God:    Jiyva [**....]
Gold:   0          SH:  0    Dex: 12    Spells: 0/0 levels left

rFire   . . .      SeeInvis .   j - +2 mace
rCold   . . .      Faith    .   (no shield)
rNeg    . . .      Spirit   .   b - +0 robe
rPois   .          Reflect  .   (helmet restricted)
rElec   .          Harm     .   (no cloak)
rCorr   +          Rampage  .   (no gloves)
Will    .....      NoTele   +   (no boots)
Stlth   ++........              (no amulet)
HPRegen 1.02/turn               (no ring)
MPRegen 0.37/turn               (no ring)

@: lethally poisoned (-4 -> -10)
A: horns 2, retaliatory headbutt
a: Renounce Religion


You were in the Dungeon.
You worshipped Jiyva.
Jiyva was pleased with you.
You visited 1 branch

Inventory:

Hand Weapons
 j - a +2 mace (weapon)
Armour
 b - a +0 robe (worn)
Scrolls
 i - a scroll of blinking
 k - 5 scrolls of amnesia
 l - a scroll of summoning
Potions
 a - 2 potions of invisibility
 c - a potion of ambrosia
 d - a potion of curing
 e - a potion of heal wounds
 f - a potion of haste
 g - 4 potions of magic
 h - 3 potions of berserk rage


   Skills:
 + Level 3.9 Fighting
 * Level 4.1 Maces & Flails
 + Level 1.0 Armour
 - Level 3.2 Dodging
 - Level 1.5 Stealth


You couldn't memorise any spells.
You didn't know any spells.
Your spell library was empty.

Dungeon Overview and Level Annotations

Branches:
Dungeon (1/1)

Altars:
Cheibriados
Dithmenos
Elyvilon
Fedhas
Gozag
Hepliaklqana
Makhleb
Nemelex Xobeh
Okawaru
Qazlal
Ru
Sif Muna
Trog
Vehumet
Wu Jian
Xom
Yredelemnul
Zin
The Shining One
Jiyva
Lugonu


Innate Abilities, Weirdness & Mutations

You have a pair of horns on your head.
You reflexively headbutt those who attack you in melee.


Message History

You hear a distant slurping noise.
There is an open door here.
You hear a distant slurping noise.
g - 4 potions of magic (gained 2)
h - 3 potions of berserk rage (gained 2)
a - 2 potions of invisibility You see here 10 stones.
k - 5 scrolls of amnesia;
l - a scroll of summoning You see here 2 scrolls of vulnerability.
You see here 10 stones.
There is an open door here.
Things that are here:
a +2 quarterstaff; a +2 trident
Things that are here:
a +2 falchion; a +2 dagger
Things that are here:
a +0 mace; a +2 hand axe
There is an open door here.
You hear a distant slurping noise.
You open the door.
A scorpion comes into view.
There is an open door here.
You closely miss the scorpion.
The scorpion is lightly wounded.
The scorpion stings you.
You are poisoned.
The scorpion poisons you!
You hear a distant slurping noise.
The scorpion closely misses you.
You hit the scorpion but do no damage. Your headbutt misses the scorpion.
The scorpion is lightly wounded.
You feel very sick. The scorpion stings you.
You hit the scorpion but do no damage. Your headbutt misses the scorpion.
The scorpion is lightly wounded.
You feel sick. The scorpion stings you.
* * * LOW HITPOINT WARNING * * *
You are more poisoned.
The scorpion poisons you! The scorpion stings you.
You die...

########## ________.#
________.#
______...###########++
##########'##...........
#.?(.')))'.##......#..#.
##########.##...........
#...........'...........
+#####@#####......#..#.
#.s.+ #........... #...#
####'#####++ #####
#.......# #.......#
#.......# #...<...#
#.......# #.......#


You could see a scorpion.

Vanquished Creatures
  An endoplasm (D)
1 creature vanquished.

Vanquished Creatures (others)
  Dissolution (D)
  A pandemonium lord (D)
  A titan (D)
  2 acid blobs (D)
  A shadow dragon (D)
  3 rockslimes (D)
  A storm dragon (D)
  An azure jelly (D)
  An endoplasm (D)
12 creatures vanquished.

Grand Total: 13 creatures vanquished

Notes
Turn   | Place    | Note
-------+----------+-------------------------------------------
     0 | D        | sanboga the Minotaur Monk began the quest for the Orb.
     0 | D        | Reached XP level 1. HP: 19/19 MP: 0/0
    40 | D        | Reached skill level 4 in Maces & Flails
    40 | D        | Reached skill level 1 in Armour
    43 | D        | Found a bloodstained altar of Trog.
    43 | D        | Found a shimmering blue altar of Sif Muna.
    43 | D        | Found a viscous altar of Jiyva.
    43 | D        | Found a hazy altar of Hepliaklqana.
    43 | D        | Found an opulent altar of Gozag.
    44 | D        | Found a glowing golden altar of the Shining One.
    44 | D        | Found a glowing silver altar of Zin.
    44 | D        | Found a basalt altar of Yredelemnul.
    44 | D        | Found a shimmering altar of Xom.
    44 | D        | Found an ornate altar of the Wu Jian Council.
    44 | D        | Found a sacrificial altar of Ru.
    44 | D        | Found a stormy altar of Qazlal.
    44 | D        | Found an iron altar of Okawaru.
    44 | D        | Found a sparkling altar of Nemelex Xobeh.
    44 | D        | Found a burning altar of Makhleb.
    44 | D        | Found a blossoming altar of Fedhas.
    44 | D        | Found a white marble altar of Elyvilon.
    44 | D        | Found a shadowy altar of Dithmenos.
    44 | D        | Found a snail-covered altar of Cheibriados.
    46 | D        | Found a radiant altar of Vehumet.
    46 | D        | Found a corrupted altar of Lugonu.
    49 | D        | Became a worshipper of Jiyva Jyell the Shapeless
    49 | D        | Reached * piety under Jiyva
    49 | D        | Reached ** piety under Jiyva
    50 | D        | Killed a shadow dragon
    52 | D        | Killed a titan
    53 | D        | Killed an acid blob
    54 | D        | Killed an azure jelly
    55 | D        | Killed a rockslime
    57 | D        | Killed a rockslime
    58 | D        | Killed an acid blob
    58 | D        | Killed a storm dragon
    59 | D        | Killed Gecwesi the pandemonium lord
    61 | D        | Killed a rockslime
    66 | D        | Killed Dissolution
    80 | D        | Noticed a scorpion
    83 | D        | HP: 1/20 [scorpion (6)]
    83 | D        | Slain by a scorpion

Illustrated notes

Levels and vault maps discovered:
D:        pitsprint [storerooms_1, entrance_room_1, metal_vault_5, armoury_2,
          mini_pit_1, grid_room_1, main_hall_1, silver_pit, the_coven_2,
          the_vestibule_1, steel_vault_3, golden_pit, hallway_of_sentries,
          crystal_vault_2, iron_vault_1, final_vault]

Skill      XL: |  1 |
---------------+----+-----
Maces & Flails | 4 |  4.1
Armour         | 1 |  1.0
Fighting       | |  3.9
Dodging        | |  3.2
Stealth        | |  1.5

Action                   || total
-------------------------++-------
Melee: Mace              ||     5
       Headbutt          ||     1
Dodge: Dodged            ||     2
